 Dungeon Crawl Stone Soup version 0.16-a0-3452-g71b9fc6 (webtiles) character file.

1074 BluebellGnoll the Cleaver (level 8, 18/67 HPs)
             Began as a Minotaur Fighter on Jan 1, 2015.
             Was an Initiate of Yredelemnul.
             Quit the game on level 6 of the Dungeon.
             The game lasted 00:18:29 (6268 turns).

BluebellGnoll the Cleaver (Minotaur Fighter)        Turns: 6268, Time: 00:18:30

Health: 18/67      AC:  6    Str: 23    XL:     8   Next: 7%
Magic:  3/3        EV:  7    Int:  5    God:    Yredelemnul [......]
Gold:   427        SH: 10    Dex: 10    Spells: 0 memorised, 7 levels left

rFire  . . .     SeeInvis .     a - +1 war axe
rCold  . . .     Clarity  .     b - +0 scale mail
rNeg   . . .     SustAb   .     c - +1 shield
rPois  .         Gourm    .     (helmet restricted)
rElec  .         Spirit   .     (no cloak)
rCorr  .         Warding  .     (no gloves)
rMut   .         Stasis   .     (no boots)
MR     .....                    (no amulet)
Stlth  ..........               (no ring)
                                (no ring)

@: not resistant to hostile enchantments, extremely unstealthy
A: retaliatory headbutt, horns 2
a: Renounce Religion


You were on level 6 of the Dungeon.
You worshipped Yredelemnul.
Yredelemnul was noncommittal.
You were not hungry.

You visited 2 branches of the dungeon, and saw 7 of its levels.

You collected 427 gold pieces.

Inventory:

Hand weapons
 a - a +1 war axe (weapon)
 y - a +0 hunting sling
Missiles
 e - 3 poisoned tomahawks (quivered)
 f - 21 sling bullets of flame
 g - 138 stones
 B - 39 sling bullets
 D - 9 tomahawks
 F - 11 poisoned sling bullets
Armour
 b - a +0 scale mail (worn)
 c - a +1 shield (worn)
Jewellery
 v - an uncursed ring of teleportation
 H - an uncursed amulet of regeneration
Magical devices
 n - a wand of draining (8)
Scrolls
 h - a scroll of identify
 k - a scroll of torment {unknown}
 o - a scroll of enchant weapon
 p - a scroll of teleportation
 q - a scroll of fear
 s - a scroll of enchant armour
 C - 2 scrolls of remove curse
Potions
 j - 5 potions of curing
 u - a potion of resistance
 w - a potion of agility
 A - a potion of cancellation {unknown}
 E - a potion of mutation {unknown}
 G - a potion of flight {unknown}
Comestibles
 d - 4 bread rations
 i - a chunk of flesh
 m - 7 meat rations


   Skills:
 * Level 4.5 Fighting
 - Level 10.8 Axes
 * Level 1.6 Throwing
 - Level 3.6 Armour
 - Level 3.6 Shields


You had 7 spell levels left.
You didn't know any spells.

Dungeon Overview and Level Annotations

Branches:
Dungeon (6/15)             Temple (1/1) D:6

Altars:
Ashenzari
Cheibriados
Dithmenos
Elyvilon
Fedhas
Gozag
Kikubaaqudgha
Nemelex Xobeh
Qazlal
Ru
Trog
Vehumet
Xom
Yredelemnul
Zin
The Shining One


Innate Abilities, Weirdness & Mutations

You reflexively headbutt those who attack you in melee.
You have a pair of horns on your head.


Message History

An ice beast comes into view.
There is an open door here.
Your shield and scale mail prevent you from hitting the ice beast.
You block the ice beast's attack.
You hit the ice beast but do no damage. The ice beast hits you.
The ice beast freezes you!
Your shield and scale mail prevent you from hitting the ice beast.
The ice beast hits you but does no damage.
You barely miss the ice beast. The ice beast hits you.
The ice beast freezes you!
You slash the ice beast!
The ice beast is moderately wounded.
The ice beast hits you. The ice beast freezes you!
* * * LOW HITPOINT WARNING * * *
You are too injured to fight recklessly!
You are too injured to fight recklessly!
You are too injured to fight recklessly!
You are too injured to fight recklessly!
You are too injured to fight recklessly!
Are you sure you want to abandon this character and quit the game? (Confirm with "yes".)

######## #....#
#......###....#
#.............#
#......##.....# ##
#......##.....# #.
#......##.....# #.
#......##.....####.
#.Y....##..........
#.@.....###########
#.......#........<.
####'###.#.########.
#......#.#.########.
#.≈≈≈≈.#>...........
#.≈≈≈≈.#############
#.≈≈≈≈.# #.≈≈≈≈.#
#.≈≈≈≈.# #########


You could see an ice beast.

Vanquished Creatures
  A centaur (D:6)
  The ghost of Afay the Shooter, an average CeHu (D:3)
  A giant frog (D:5)
  A gnoll sergeant (D:5)
  A scorpion (D:5)
  An electric eel (D:6)
  4 orc priests
  A crimson imp (D:5)
  2 hounds (D:5)
  6 orc wizards
  2 worker ants
  2 worker ant zombies (D:5)
  9 adders
  4 gnolls (D:5)
  A shadow imp (D:4)
  A giant mite (D:3)
  2 worms
  2 adder skeletons
  A giant gecko (D:1)
  An ooze (D:1)
  18 orcs
  3 bat skeletons
  3 giant cockroaches
  9 hobgoblins
  8 jackals
  12 kobolds
  A quokka (D:5)
  4 ball pythons
  11 bats
  6 giant newts
  6 goblins
  4 rats
129 creatures vanquished.

Notes
Turn   | Place    | Note
--------------------------------------------------------------
     0 | D:1      | BluebellGnoll, the Minotaur Fighter, began the quest for the Orb.
     0 | D:1      | Reached XP level 1. HP: 19/19 MP: 1/1
   345 | D:1      | Reached XP level 2. HP: 26/26 MP: 1/1
  1066 | D:2      | Reached skill level 4 in Axes
  1066 | D:2      | Reached XP level 3. HP: 28/31 MP: 2/2
  1119 | D:2      | Found a shattered altar of Ashenzari.
  1124 | D:2      | Saw a vision of the Shoals and the Spider Nest.
  1124 | D:2      | Noticed a merfolk
  1124 | D:2      | Noticed a merfolk
  1124 | D:2      | Noticed a centaur
  1124 | D:2      | Noticed a merfolk
  1124 | D:2      | Noticed a siren
  1124 | D:2      | Noticed a redback
  1124 | D:2      | Noticed a redback
  1124 | D:2      | Noticed a scorpion
  1124 | D:2      | Noticed a redback
  1124 | D:2      | Noticed a redback
  1124 | D:2      | Noticed a redback
  1125 | D:2      | Noticed a merfolk
  1125 | D:2      | Noticed a spider
  1125 | D:2      | Noticed a redback
  1412 | D:2      | Reached skill level 5 in Axes
  1688 | D:3      | Noticed Afay's ghost (average CeHu)
  1689 | D:3      | Found a sparkling altar of Nemelex Xobeh.
  1693 | D:3      | Killed Afay's ghost
  1693 | D:3      | Reached skill level 6 in Axes
  1693 | D:3      | Reached XP level 4. HP: 23/39 MP: 2/2
  1693 | D:3      | Reached XP level 5. HP: 26/45 MP: 2/2
  2094 | D:3      | Reached skill level 7 in Axes
  2142 | D:3      | Found a blossoming altar of Fedhas.
  2592 | D:4      | Reached XP level 6. HP: 47/51 MP: 3/3
  2974 | D:5      | Entered Level 5 of the Dungeon
  3093 | D:4      | Reached skill level 8 in Axes
  3489 | D:5      | Found an ancient bone altar of Kikubaaqudgha.
  3582 | D:5      | Reached skill level 9 in Axes
  3747 | D:5      | Reached XP level 7. HP: 33/57 MP: 3/3
  4511 | D:5      | Reached skill level 10 in Axes
  5130 | D:6      | Found a staircase to the Ecumenical Temple.
  5135 | Temple   | Entered the Ecumenical Temple
  5203 | Temple   | Became a worshipper of Yredelemnul the Dark
  5421 | D:6      | Reached skill level 1 in Throwing
  5421 | D:6      | Reached XP level 8. HP: 30/67 MP: 3/3
  5563 | D:6      | Found a shadowy altar of Dithmenos.
  6268 | D:6      | Quit the game

Action                   |  1- 3 |  4- 6 |  7- 9 || total
-------------------------+-------+-------+-------++-------
Melee: War axe           |    88 |   140 |   122 ||   350
Throw: Tomahawk          |       |       |     4 ||     4
       Stone             |       |       |     1 ||     1
Evoke: Wand              |       |       |     1 ||     1
  Use: Potion            |     1 |       |     1 ||     2
       Scroll            |       |    12 |     9 ||    21
  Eat: Chunk             |     3 |     6 |     8 ||    17
